 Dungeon Crawl Stone Soup version 0.26-a0-661-g406de6ba63 (webtiles) character file.

Game seed: 7901091008433250107

293062 lunkers the Acrobat (level 21, -25/146 HPs)
             Began as a Kobold Delver on Oct 7, 2020.
             Was a Believer of Uskayaw.
             Killed from afar by a halazid warlock (66 damage)
             ... with a ghostly fireball
             ... in the Desolation of Salt on Oct 8, 2020.
             The game lasted 01:50:59 (37834 turns).

lunkers the Acrobat (Kobold Delver)                Turns: 37834, Time: 01:51:00

Health: -25/146    AC: 21    Str: 15    XL:     21   Next: 71%
Magic:  23/34      EV: 32    Int: 14    God:    Uskayaw [**....]
Gold:   1911       SH:  8    Dex: 31    Spells: 20/20 levels left

rFire    + + .     SeeInvis +   a - +2 short sword (elec)
rCold    . . .     Faith    .   T - +0 buckler {rF+}
rNeg     . . .     Spirit   .   o - +6 scale mail of Coneor {rF+ Dex+4 SInv}
rPois    +         Reflect  .   Q - +0 helmet of Supple Strength {+Inv rC- rCorr Dex+6}
rElec    .         Harm     .   M - +2 cloak
rCorr    +         Rampage  .   O - +1 pair of gloves {Str+3}
MR       ++...                  p - +0 pair of boots of the Known World {rPois Regen+}
Stlth    +++++.....             F - amulet of regeneration
HPRegen  1.14/turn              r - ring of protection from cold
MPRegen  0.24/turn              W - ring of protection from magic

@: heavily drained
A: small, nightstalker 3
}: 2/15 runes: barnacled, gossamer
a: Stomp, Line Pass, Renounce Religion, Evoke Invisibility


You were in the Desolation of Salt.
You worshipped Uskayaw.
Uskayaw was most pleased with you.
You visited 6 branches of the dungeon, and saw 32 of its levels.
You visited the Abyss 1 time.
You also visited: Desolation.

You collected 3986 gold pieces.
You spent 2075 gold pieces at shops.

Inventory:

Hand Weapons
 a - a +2 short sword of electrocution (weapon)
 b - the +11 long sword "Suedwoset" {venom, rPois rF+ Str+3 Int+5}
   (You bought it in a shop on level 13 of the Dungeon)

   It poisons the flesh of those it strikes.
   It affects your strength (+3).
   It affects your intelligence (+5).
   It protects you from fire.
   It protects you from poison.
Missiles
 x - 23 atropa-tipped darts {=f}
 D - 26 curare-tipped darts {=f}
Armour
 o - the +6 scale mail of Coneor (worn) {rF+ Dex+4 SInv}
   (You bought it in a shop on level 2 of the Orcish Mines)

   It affects your dexterity (+4).
   It protects you from fire.
   It lets you see invisible.
 p - the +0 pair of boots of the Known World (worn) {rPois Regen+}
   (You bought it in a shop on level 4 of the Dungeon)

   It protects you from poison.
   It increases your rate of regeneration.
 M - a +2 cloak (worn)
 O - a +1 pair of gloves of strength (worn)
 Q - the +0 helmet of Supple Strength (worn) {+Inv rC- rCorr Dex+6}
   (You bought it in a shop on level 4 of the Dungeon)

   It affects your dexterity (+6).
   It makes you vulnerable to cold.
   It lets you turn invisible.
   It provides partial protection from all sources of acid and corrosion.
 T - a +0 buckler of fire resistance (worn)
 X - a +0 pair of gloves of archery
Jewellery
 r - a ring of protection from cold (left hand)
 A - a +6 ring of dexterity
 F - an amulet of regeneration (around neck)
 W - a ring of protection from magic (right hand)
Wands
 g - a wand of digging (3)
 l - a wand of enslavement (34)
 s - a wand of flame (58)
 E - a wand of acid (10)
 I - a wand of polymorph (24)
 P - a wand of disintegration (12)
 V - a wand of paralysis (21)
 Z - a wand of iceblast (16)
Scrolls
 c - 5 scrolls of fog
 d - 2 scrolls of magic mapping
 h - 4 scrolls of fear
 j - 5 scrolls of remove curse
 k - 3 scrolls of enchant weapon
 t - 2 scrolls of blinking
 w - 6 scrolls of enchant armour
 y - 4 scrolls of teleportation
 U - 2 scrolls of silence
 Y - 8 scrolls of identify
Potions
 f - 7 potions of haste
 i - 2 potions of mutation
 m - 8 potions of stabbing
 z - 4 potions of ambrosia
 B - 3 potions of magic
 C - 9 potions of heal wounds
 H - 3 potions of might
 J - 4 potions of invisibility
 K - 2 potions of resistance
 L - 2 potions of flight
 N - 7 potions of curing
 R - a potion of cancellation
 S - 2 potions of berserk rage
Miscellaneous
 e - a lightning rod (4/4)
 n - a phantom mirror
 q - a condenser vane (1/2)
 u - a box of beasts (3/3)
 v - a tin of tremorstones (2/3)
 G - a phial of floods


   Skills:
 + Level 20.0(18.1) Fighting
 - Level 12.0(10.3) Short Blades
 - Level 6.0(4.5) Armour
 + Level 21.4(19.4) Dodging
 + Level 13.2(11.6) Stealth
 - Level 5.6(4.2) Shields
 + Level 19.5(17.6) Invocations
 + Level 6.9(5.4) Evocations


You had 20 spell levels left.
You didn't know any spells.
Your spell library contained the following spells:

 Spells                   Type           Power        Failure   Level
 Beastly Appendage        Tmut           #.....       75%         1
 Foxfire                  Conj/Fire      #...         75%         1
 Sandblast                Erth           #.....       75%         1
 Shock                    Conj/Air       #...         75%         1
 Summon Small Mammal      Summ           #...         75%         1
 Blink                    Tloc           N/A          87%         2
 Call Imp                 Summ           #.......     87%         2
 Passwall                 Tmut/Erth      #.......     87%         2
 Swiftness                Air            #.......     87%         2
 Wereblood                Tmut           #.......     87%         2
 Call Canine Familiar     Summ           #.......     98%         3
 Gell's Gravitas          Tloc           #.........   98%         3
 Lesser Beckoning         Tloc           #.........   98%         3
 Spider Form              Tmut/Pois      #.........   98%         3
 Static Discharge         Conj/Air       #.......     98%         3
 Stone Arrow              Conj/Erth      #.....       98%         3
 Summon Guardian Golem    Hex/Summ       #.......     98%         3
 Teleport Other           Tloc           #.......     98%         3
 Airstrike                Air            #.........   100%        4
 Cause Fear               Hex            #.........   100%        4
 Ice Form                 Ice/Tmut       #.......     100%        4
 Olgreb's Toxic Radiance  Pois           #.......     100%        4
 Passage of Golubria      Tloc           N/A          100%        4
 Petrify                  Tmut/Erth      #.......     100%        4
 Sticky Flame             Conj/Fire      #.......     100%        4
 Summon Ice Beast         Ice/Summ       #.......     100%        4
 Summon Lightning Spire   Summ/Air       #.......     100%        4
 Alistair's Intoxication  Tmut/Pois      #........    100%        5
 Blade Hands              Tmut           #.........   100%        5
 Bolt of Magma            Conj/Fire/Erth #.........   100%        5
 Iskenderun's Battlesphe  Conj           #.......     100%        5
 Lee's Rapid Deconstruct  Erth           #.........   100%        5
 Lightning Bolt           Conj/Air       #.........   100%        5
 Eringya's Noxious Bog    Tmut/Pois      #.........   100%        6
 Iron Shot                Conj/Erth      #.........   100%        6
 Shadow Creatures         Summ           N/A          100%        6
 Dragon Form              Tmut           #.........   100%        7
 Orb of Destruction       Conj           #.........   100%        7
 Spellforged Servitor     Conj/Summ      #.........   100%        7
 Summon Hydra             Summ           #.........   100%        7
 Ignition                 Fire           #.........   100%        8
 Dragon's Call            Summ           #.........   100%        9
 Shatter                  Erth           #.........   100%        9
 Tornado                  Air            #.........   100%        9


Dungeon Overview and Level Annotations

Branches:
Dungeon (13/15)            Temple (0/1) D:7            Lair (6/6) D:11
 Shoals (4/4) Lair:4       Spider (4/4) Lair:4        Slime (0/5) Lair:5
    Orc (2/2) D:12            Elf (0/3) Orc:2        Vaults (3/5) D:13
  Crypt (0/3) Vaults:3    Desolation (1/1)

Altars:
Cheibriados
Dithmenos
Gozag
Kikubaaqudgha
Okawaru
Trog
Uskayaw
Vehumet
Wu Jian
Xom
Beogh
Jiyva

Shops:
D:4 [[=}[   D:6 *   D:7 [   D:13 (   Orc:2 [*(=   Vaults:2 !

Annotations:
D:12 3 runed translucent doors, Xqipyl's ghost, journeyman GrFE
Lair:4 3 runed translucent doors, HellBreezer's ghost, journeyman TrBe
Lair:5 exclusion: 3 oklob plants
Orc:1 1 runed translucent door, lordvenom1's ghost, journeyman HOFi


Innate Abilities, Weirdness & Mutations

You are small and have problems with some larger weapons.
You are completely attuned to the shadows.


Message History

The servant of whispers completely misses you.
Unknown command.
Unknown command.
Unknown command.
Unknown command.
You stomp with the beat, sending a shockwave through the revelers around you!
You destroy the halazid warlock!
The saltling dissolves into shadows!
The servant of whispers dissolves into shadows! x2
The saltling dissolves into shadows!
The molten gargoyle dissolves into shadows!
The ragged hierophant is heavily wounded.
The halazid warlock is almost destroyed.
The ragged hierophant gestures wildly while chanting.
The ragged hierophant begins to accept its allies' injuries.
The halazid warlock casts a spell at the ragged hierophant.
The ragged hierophant's animating energy erupts into ghostly fire!
The ghostly flame explodes!
The ghostly fireball engulfs you!!!
You feel drained.
You die...

§§.§§§§§§§§§ ###§§§§§§§§
#§§§§.§§§ #§§§§§.§§ ...§
.... #§.§§.... .....§..#
.... ##..§....
.........###8.... ##.......
..........8L†.... #........
..........)@.8.. #........
..............## #........
§..#)..†.....8######........
§.............##............
........†...................
############################
############################
######################### ##
################


You could see a halazid warlock (sheltered) and 2 saltlings.

Vanquished Creatures
  A lich (Vaults:2)
  A sphinx (Vaults:3)
  A tentacled starspawn (Abyss:3)
  Kirke (Shoals:4)
  A tengu reaver (Vaults:1)
  Roxanne (Shoals:4)
  Ilsuiw (Shoals:3)
  An imperial myrmidon (Desolation)
  7 vault wardens
  10 ghost moths
  Aizul (Shoals:2)
  3 emperor scorpions (Spider:4)
  5 ironheart preservers
  2 orc warlords
  An entropy weaver (Vaults:3)
  A stone giant (Vaults:3)
  Nessos (Orc:1)
  2 very ugly things (Abyss:3)
  A halazid warlock (Desolation)
  2 spark wasps
  Azrael (Orc:2)
  A deep elf demonologist (Vaults:2)
  A deep elf death mage (Vaults:2)
  6 merfolk javelineers
  3 fire dragons
  Josephine (D:13)
  A great orb of eyes (Vaults:2)
  7 yaktaur captains
  3 ragged hierophants (Desolation)
  A crystal guardian (Desolation)
  3 servants of whispers (Desolation)
  Fannar (D:11)
  5 ogre magi
  7 hydras
  An ice dragon (Vaults:1)
  7 merfolk impalers
  Harold (D:7)
  5 peacekeepers (Desolation)
  8 boulder beetles
  A vault guard (Vaults:2)
  6 merfolk aquamancers
  2 death knights
  23 two-headed ogres
  4 satyrs
  5 death yaks
  4 alligator snapping turtles
  4 merfolk avatars
  A centaur warrior (D:13)
  A deep troll earth mage (Vaults:3)
  Urug (Orc:1)
  A soul eater (Abyss:3)
  A wretched star (Abyss:3)
  4 orc high priests (Orc:2)
  2 shadow wraiths
  Sonja (D:13)
  3 deep elf knights (Vaults:2)
  A storm dragon zombie (Abyss:3)
  6 unseen horrors
  A flayed ghost (Vaults:1)
  2 deep trolls (Vaults:3)
  5 wizards
  12 sea snakes
  4 ironbrand convokers
  A swamp dragon (shapeshifter) (Vaults:2)
  Pikel (D:6)
  A lindwurm (Lair:6)
  3 deep elf archers
  25 ugly things
  11 orb spiders
  6 orc knights
  4 orc sorcerers (Orc:2)
  3 deep elf magi
  10 fauns
  24 harpies
  26 wolf spiders
  17 manticores
  4 cyclopes
  7 merfolk sirens
  15 elephants
  A large abomination (Abyss:3)
  A naga mage (Vaults:2)
  6 black mambas
  9 water nymphs
  7 vault sentinels
  10 guardian serpents (Desolation)
  A molten gargoyle (Desolation)
  3 smoke demons (Abyss:3)
  A centaur skeleton (D:12)
  6 torpor snails
  A gargoyle (D:12)
  A storm dragon simulacrum (Vaults:2)
  A kobold demonologist (D:13)
  3 rime drakes
  14 komodo dragons
  19 cane toads
  3 starcursed masses (Abyss:3)
  A tengu conjurer (Vaults:1)
  14 demonic crawlers
  25 yaktaurs
  An ancient zyme (Abyss:3)
  4 freezing wraiths
  28 merfolk
  A queen bee (shapeshifter) (Vaults:2)
  2 polar bears
  28 jumping spiders
  3 meliai (Spider:3)
  A meliai (shapeshifter) (Vaults:1)
  A polar bear (shapeshifter) (Vaults:2)
  A slime creature (shapeshifter) (Vaults:1)
  4 tyrant leeches (Lair:6)
  7 trolls
  19 blink frogs
  14 wind drakes
  11 hornets
  A raiju (shapeshifter) (Vaults:1)
  39 saltlings (Desolation)
  6 slime creatures
  8 dream sheep
  12 snapping turtles
  A vampire (D:12)
  6 wraiths
  66 redbacks
  7 water elementals
  41 yaks
  Sigmund (D:2)
  2 wyverns
  30 tarantellas
  4 hogs (Shoals:4)
  3 basilisks
  Eustachio (D:6)
  3 steam dragons (Shoals:1)
  An emperor scorpion simulacrum (Abyss:3)
  A golden eye (shapeshifter) (Vaults:1)
  4 fire elementals (Orc:2)
  4 vampire mosquitoes (Spider:2)
  3 wargs
  3 acid dragons
  11 water moccasins
  3 hell hounds (Orc:2)
  An ice beast (D:13)
  38 orc warriors
  3 sky beasts
  3 black bears
  4 centaurs
  24 ogres
  3 boggarts (Vaults:2)
  9 wolves (Lair:3)
  A lemure (D:6)
  Blork the orc (D:6)
  18 bullfrogs
  2 big kobolds
  An earth elemental (Abyss:3)
  A wyvern skeleton (D:6)
  4 scorpions
  3 small abominations (Abyss:3)
  6 killer bees (D:9)
  5 wights (D:9)
  A howler monkey (D:6)
  7 electric eels
  7 centaur zombies
  3 quasits
  2 bullfrog zombies
  10 hounds
  3 jellies
  22 orc priests
  19 orc wizards
  5 bullfrog skeletons
  Crazy Yiuf (D:7)
  10 iguanas
  5 worker ants
  A killer bee zombie (D:7)
  A hound zombie (D:10)
  A hound skeleton (D:6)
  11 adders
  4 gnolls (D:2)
  3 shadow imps
  6 white imps
  2 ufetubi
  An ooze (D:2)
  3 adder skeletons
  A worm (D:4)
  3 dart slugs
  5 leopard geckos
  95 orcs
  2 ball pythons
  7 giant cockroaches
  10 goblins
  4 hobgoblins
  4 jackals
  2 quokkas
  4 bats
  4 frilled lizards
  14 kobolds
  A quokka skeleton (D:5)
  13 rats
  A pillar of salt (Vaults:3)
1298 creatures vanquished.

Vanquished Creatures (collateral kills)
  Agnes (Spider:4)
  A sea snake (Shoals:3)
  A wolf spider (Spider:4)
  A redback (Spider:1)
  A tarantella (Spider:1)
5 creatures vanquished.

Vanquished Creatures (others)
  Asterion (Spider:1)
  An eldritch tentacle (Spider:3)
  A ragged hierophant (Desolation)
  A faun (Shoals:3)
  A rime drake (Shoals:1)
  3 orc wizards
  9 orcs
  A bat (D:1)
  24 fungi
  108 plants
  A starspawn tentacle (Abyss:3)
151 creatures vanquished.

Grand Total: 1454 creatures vanquished

Notes
Turn   | Place    | Note
-------+----------+-------------------------------------------
     0 | D:5      | lunkers the Kobold Delver began the quest for the Orb.
     0 | D:5      | Reached XP level 1. HP: 14/14 MP: 1/1
    44 | D:5      | Noticed a jelly
    46 | D:5      | Killed a jelly
    46 | D:5      | Reached XP level 2. HP: 19/19 MP: 2/2
    46 | D:5      | Reached XP level 3. HP: 23/23 MP: 3/3
    58 | D:5      | Noticed an ogre
   419 | D:3      | Reached XP level 4. HP: 28/28 MP: 4/4
   607 | D:2      | Noticed Sigmund
   611 | D:2      | Killed Sigmund
   611 | D:2      | Reached skill level 5 in Short Blades
   611 | D:2      | Reached XP level 5. HP: 32/32 MP: 5/5
   611 | D:2      | Reached XP level 6. HP: 37/37 MP: 6/6
  1229 | D:1      | HP: 1/37 [bat/exploding inner flame[the player character]
                  | (34)]
  2642 | D:3      | Reached skill level 3 in Dodging
  2947 | D:3      | Reached XP level 7. HP: 36/42 MP: 7/7
  3410 | D:3      | Noticed a +0 dagger
  3411 | D:3      | Found a hide-covered altar of Uskayaw.
  3412 | D:3      | Noticed a +0 dagger
  3560 | D:3      | Became a worshipper of Uskayaw the Reveler
  3594 | D:4      | Reached * piety under Uskayaw
  3616 | D:4      | Found Pauck's Antique Armour Shop.
  3622 | D:4      | Reached ** piety under Uskayaw
  3623 | D:4      | Bought a pair of smoking boots for 237 gold pieces
  3628 | D:4      | Identified the +0 pair of boots of the Known World {rPois
                  | Regen+} (You bought it in a shop on level 4 of the Dungeon)
  3756 | D:4      | Found Uphefexu's Gadget Boutique.
  3793 | D:4      | Found an opulent altar of Gozag.
  3851 | D:4      | Found Buylumei's Antique Armour Shop.
  3880 | D:4      | Found Muucvaff's Antique Armour Shop.
  3941 | D:4      | Found Deroxu's Jewellery Emporium.
  4125 | D:5      | Reached skill level 4 in Dodging
  4320 | D:5      | Reached skill level 10 in Stealth
  4665 | D:6      | Noticed Eustachio
  4667 | D:6      | Killed Eustachio
  4667 | D:6      | Reached skill level 1 in Evocations
  4667 | D:6      | Reached XP level 8. HP: 48/48 MP: 8/8
  4724 | D:6      | Reached skill level 5 in Fighting
  4724 | D:6      | Reached skill level 1 in Invocations
  4986 | D:6      | Reached skill level 5 in Dodging
  4992 | D:6      | Noticed Blork the orc
  4995 | D:6      | Killed Blork the orc
  5220 | D:6      | Found Aqeima's General Store.
  5281 | D:6      | Found an iron altar of Okawaru.
  5508 | D:6      | Noticed Pikel
  5528 | D:6      | Killed Pikel
  5528 | D:6      | Reached XP level 9. HP: 41/55 MP: 9/11
  5528 | D:6      | Reached *** piety under Uskayaw
  5628 | D:7      | Reached **** piety under Uskayaw
  5670 | D:7      | Reached skill level 6 in Dodging
  5692 | D:7      | Found a staircase to the Ecumenical Temple.
  6004 | D:7      | Found a runed translucent door.
  6009 | D:7      | Noticed Crazy Yiuf
  6016 | D:7      | Killed Crazy Yiuf
  6133 | D:7      | Found Laesylas's Armour Emporium.
  6176 | D:7      | Noticed Harold
  6181 | D:7      | Killed Harold
  6181 | D:7      | Reached skill level 10 in Short Blades
  6181 | D:7      | Reached skill level 5 in Evocations
  6181 | D:7      | Reached XP level 10. HP: 53/61 MP: 11/13
  6259 | D:7      | Found an ancient bone altar of Kikubaaqudgha.
  6327 | D:7      | Reached skill level 7 in Dodging
  6479 | D:8      | Found a snail-covered altar of Cheibriados.
  6501 | D:8      | Reached skill level 5 in Invocations
  7093 | D:8      | Found an iron altar of Okawaru.
  7093 | D:8      | Found a shimmering altar of Xom.
  7221 | D:4      | Bought a polished helmet for 266 gold pieces
  7226 | D:4      | Identified the +0 helmet of Supple Strength {+Inv rC- rCorr
                  | Dex+6} (You bought it in a shop on level 4 of the Dungeon)
  7506 | D:9      | Found a radiant altar of Vehumet.
  7705 | D:9      | Reached skill level 8 in Dodging
  7709 | D:9      | Reached ***** piety under Uskayaw
  7854 | D:9      | Found a shadowy altar of Dithmenos.
  7911 | D:9      | Reached XP level 11. HP: 46/69 MP: 15/15
  8186 | D:9      | Found a bloodstained altar of Trog.
  8212 | D:9      | Reached skill level 9 in Dodging
  8301 | D:10     | Entered Level 10 of the Dungeon
  9344 | D:11     | Reached skill level 1 in Shields
  9352 | D:11     | Noticed a death knight
  9377 | D:11     | Killed a death knight
  9443 | D:11     | Noticed a boulder beetle
  9447 | D:11     | Killed a boulder beetle
  9447 | D:11     | Reached skill level 10 in Dodging
  9627 | D:11     | Noticed a two-headed ogre
  9653 | D:11     | Noticed a deep elf mage
  9663 | D:11     | Killed a deep elf mage
  9738 | D:11     | Reached XP level 12. HP: 77/77 MP: 18/18
  9786 | D:11     | Noticed Fannar
  9810 | D:11     | Killed Fannar
  9933 | D:11     | Killed a two-headed ogre
  9933 | D:11     | Reached skill level 10 in Fighting
 10080 | D:11     | Killed an unseen horror
 10125 | D:11     | Found a staircase to the Lair.
 10231 | D:12     | Found a staircase to the Orcish Mines.
 10235 | D:12     | Noticed a two-headed ogre
 10240 | D:12     | Killed a two-headed ogre
 10521 | D:12     | Found a runed translucent gate.
 10529 | D:12     | Found a runed translucent gate.
 10530 | D:12     | Found a runed translucent gate.
 10550 | D:12     | Noticed a minotaur
 10600 | D:12     | Noticed Xqipyl's ghost (journeyman GrFE)
 10785 | D:12     | Noticed a boulder beetle
 10789 | D:12     | Killed a boulder beetle
 10789 | D:12     | Reached skill level 11 in Dodging
 11022 | Lair:1   | Entered Level 1 of the Lair of Beasts
 11113 | Lair:1   | You fall into a shaft and drop 1 floor!
 11137 | Lair:2   | Noticed a five-headed hydra
 11140 | Lair:2   | Killed a five-headed hydra
 11140 | Lair:2   | Reached XP level 13. HP: 83/83 MP: 18/20
 12162 | Lair:2   | Reached skill level 10 in Invocations
 12175 | Lair:2   | Reached skill level 5 in Shields
 12189 | Lair:1   | Reached ****** piety under Uskayaw
 12561 | Lair:3   | Noticed a six-headed hydra
 12577 | Lair:3   | Killed a six-headed hydra
 12686 | Lair:3   | Reached skill level 12 in Dodging
 13311 | Lair:4   | Reached XP level 14. HP: 90/92 MP: 22/22
 13383 | Lair:4   | Found a hole to the Spider Nest.
 13766 | Lair:4   | Found a staircase to the Shoals.
 13822 | Lair:4   | Found a runed translucent gate.
 13828 | Lair:4   | Noticed HellBreezer's ghost (journeyman TrBe)
 14077 | Lair:3   | Reached skill level 13 in Dodging
 14342 | Lair:4   | Found a runed translucent gate.
 14347 | Lair:4   | Found a runed translucent gate.
 15136 | Lair:5   | Found an ornate altar of the Wu Jian Council.
 15232 | Lair:5   | Found a viscous altar of Jiyva.
 15233 | Lair:5   | Found a staircase to the Slime Pits.
 15457 | Lair:6   | Entered Level 6 of the Lair of Beasts
 15477 | Lair:6   | Reached skill level 14 in Dodging
 15487 | Lair:6   | Found a gate leading to a gauntlet.
 16028 | Lair:6   | Reached XP level 15. HP: 97/99 MP: 24/24
 16178 | Lair:6   | Found a runed translucent door.
 17028 | Orc:1    | Entered Level 1 of the Orcish Mines
 17028 | Orc:1    | Found a runed translucent door.
 17173 | Orc:1    | Noticed lordvenom1's ghost (journeyman HOFi)
 17242 | Orc:1    | Found a roughly hewn altar of Beogh.
 17297 | Orc:2    | Entered Level 2 of the Orcish Mines
 17330 | Orc:2    | Noticed Nessos
 17332 | Orc:2    | Noticed Urug
 17350 | Orc:1    | Killed Nessos
 17395 | Orc:1    | Killed Urug
 17447 | Orc:2    | Noticed an orc warlord
 17490 | Orc:1    | Killed an orc warlord
 17623 | Orc:2    | Found a staircase to the Elven Halls.
 18231 | Orc:2    | Noticed Azrael
 18261 | Orc:2    | Killed Azrael
 18261 | Orc:2    | Reached skill level 15 in Dodging
 18292 | Orc:2    | Noticed an orc warlord
 18311 | Orc:2    | Killed an orc warlord
 18417 | Orc:2    | Paralysed by an orc sorcerer for 2 turns
 19004 | Orc:2    | Found Uzudoude's Antique Armour Emporium.
 19004 | Orc:2    | Found Wamad's Antique Weapon Emporium.
 19009 | Orc:2    | Bought a masterwork morningstar for 270 gold pieces
 19013 | Orc:2    | Found Siumead's General Store.
 19019 | Orc:2    | Found Raklugoc's Jewellery Shoppe.
 19075 | Orc:2    | Identified the +6 morningstar of Wyrd {pain, rElec rPois}
                  | (You bought it in a shop on level 2 of the Orcish Mines)
 19099 | Orc:2    | Bought an ancient scale mail for 225 gold pieces
 19109 | Orc:2    | Identified the +6 scale mail of Coneor {rF+ Dex+4 SInv}
                  | (You bought it in a shop on level 2 of the Orcish Mines)
 19386 | D:4      | Bought a pair of shimmering gloves for 266 gold pieces
 19391 | D:4      | Identified the cursed -5 pair of gloves of Mumblety Peg
                  | {rF+ rC+ Int-3} (You bought it in a shop on level 4 of the
                  | Dungeon)
 19398 | D:4      | Bought a pair of glowing gloves for 210 gold pieces
 19430 | D:4      | Bought an amethyst-encrusted ring mail for 270 gold pieces
 19445 | D:4      | Identified the +2 ring mail "Sikey" {Regen+} (You bought it
                  | in a shop on level 4 of the Dungeon)
 19840 | D:13     | Noticed Josephine
 19847 | D:13     | Killed Josephine
 19855 | D:13     | Reached skill level 1 in Armour
 19897 | D:13     | Reached XP level 16. HP: 100/107 MP: 26/26
 20024 | D:13     | Noticed Sonja
 20041 | D:13     | Killed Sonja
 20064 | D:13     | Found a gate to the Vaults.
 20304 | D:13     | Found Wathrima's Antique Weapon Emporium.
 20307 | D:13     | Bought a twisted long sword for 331 gold pieces
 20307 | D:13     | Identified the +11 long sword "Suedwoset" {venom, rPois rF+
                  | Str+3 Int+5} (You bought it in a shop on level 13 of the
                  | Dungeon)
 20938 | Spider:1 | Entered Level 1 of the Spider Nest
 20988 | Spider:1 | Reached skill level 15 in Fighting
 21102 | Spider:1 | Noticed Asterion
 21118 | Spider:1 | Reached skill level 16 in Dodging
 21146 | Spider:1 | Killed Asterion
 22892 | Spider:3 | Reached XP level 17. HP: 94/113 MP: 0/28
 23123 | Spider:3 | Reached skill level 15 in Invocations
 23172 | Spider:3 | Reached skill level 5 in Armour
 23901 | Spider:4 | Entered Level 4 of the Spider Nest
 24042 | Spider:4 | Noticed Agnes
 24300 | Spider:4 | Reached skill level 17 in Dodging
 24735 | Spider:4 | Killed Agnes
 25483 | Spider:4 | Got a gossamer rune of Zot
 25517 | Spider:4 | Reached XP level 18. HP: 122/122 MP: 29/29
 25650 | Shoals:1 | Entered Level 1 of the Shoals
 26508 | Shoals:1 | Reached skill level 18 in Dodging
 27446 | Shoals:2 | Noticed Aizul
 27496 | Shoals:2 | Killed Aizul
 27973 | Shoals:2 | Identified a scroll of acquirement
 28001 | Shoals:2 | Acquired the ring of Aqyfua {*Contam rPois rF++ Dex+4}
 28139 | Shoals:3 | Noticed Ilsuiw
 28285 | Shoals:3 | Killed Ilsuiw
 29600 | Shoals:4 | Entered Level 4 of the Shoals
 29644 | Shoals:4 | Identified Roxanne's Disquisition on Earth
 29644 | Shoals:4 | Noticed Roxanne
 29687 | Shoals:4 | Killed Roxanne
 29687 | Shoals:4 | Reached XP level 19. HP: 101/129 MP: 31/31
 29960 | Shoals:4 | Reached skill level 19 in Dodging
 30079 | Shoals:4 | Got a barnacled rune of Zot
 30320 | Shoals:4 | Noticed Kirke
 30336 | Shoals:4 | Killed Kirke
 30622 | Shoals:4 | Identified the Guide on Shifting Companions
 30781 | Shoals:4 | Identified the ring "Uxamaill" {Ice Dex+4 Slay+2 Stlth-}
 30922 | Shoals:4 | Found the +8 orange crystal plate armour {Archmagi, Int+3
                  | Clar}
 32045 | Vaults:1 | Entered Level 1 of the Vaults
 32252 | Vaults:1 | Cast into level 3 of the Abyss (a wizard)
 32576 | Vaults:1 | Escaped the Abyss
 32858 | Vaults:1 | Reached XP level 20. HP: 71/137 MP: 33/33
 33059 | Vaults:1 | Reached skill level 20 in Dodging
 34851 | Vaults:2 | Found Romparr's Distillery.
 35478 | Vaults:2 | Upgraded the game from 0.26-a0-660-gc07710193c to
                  | 0.26-a0-661-g406de6ba63
 35640 | Vaults:2 | Found a radiant altar of Vehumet.
 35657 | Vaults:2 | Noticed a Hell Sentinel
 36382 | Vaults:2 | Reached XP level 21. HP: 108/144 MP: 34/34
 36486 | Vaults:2 | Reached skill level 21 in Dodging
 36891 | Vaults:3 | Found a ruined gateway.
 36905 | Desolati | Entered the Desolation of Salt
 37153 | Desolati | Identified Equqip's Guide on Torrid Envenoming
 37834 | Desolati | Killed from afar by a halazid warlock

Illustrated notes

Levels and vault maps discovered:
D:1:      shiori_arrival_oz, layout_rooms, nrook_uturn, nrook_loot_triangle
D:2:      layout_basic, supply_closet_lemuel, chequers_serial_rivers_micro_a,
          uniq_sigmund
D:3:      layout_basic, dancing_weapons_uskayaw
D:4:      layout_gridville, kennysheep_mini, serial_shops, shop_statue,
          nicolae_shop_competitors_out_of_business, shop, kennysheep_mini_moat,
          kennysheep_windowed_goal
D:5:      layout_gridville
D:6:      layout_basic, serial_shops, nicolae_shop_window_shopping,
          hangedman_glass_teeth, kennysheep_okawaru_gauntlet, uniq_eustachio,
          uniq_blork_the_orc, uniq_pikel
D:7:      layout_rooms, kennysheep_little_box, minmay_temple_entry_hall,
          serial_shops, nicolae_shop_crystal, uniq_crazy_yiuf_cottage,
          uniq_harold
D:8:      layout_basic, gammafunk_temple_overflow_pools,
          nicolae_overflow_hidden_temple, old_standard_altar
D:9:      layout_roguey, fiery_altar_vehumet, basic_altar, trog_butcher_becter
D:10:     layout_loops_ring, serial_bayou, serial_bayou_shore_b,
          serial_bayou_pond_e, serial_bayou_lake_a, serial_bayou_shore_b
D:11:     layout_basic, david_lair_shrubbed, uniq_fannar
D:12:     layout_roguey, orc_0_dummy, maelrawn_ghost_gauntlet_escape
D:13:     layout_loops_corners, david_vaults_1, serial_shops,
          nicolae_shop_behind_doors, uniq_josephine, uniq_sonja
Lair:1:   layout_roguey
Lair:2:   layout_misc_corridors, serial_bayou_shore_a
Lair:3:   layout_concentric_octagons
Lair:4:   layout_regular_city, shoals_dummy_entry, spider_nest_entry_web_field,
          gammafunk_ghost_split, beast_lair_carwin_3
Lair:5:   layout_hall_layers, dpeg_slime_entry_enclosed_altar, basic_altar,
          beast_lair_carwin_7, minmay_lair_oklob_chamber, lemuel_fruit_fields
Lair:6:   wormcave, layout_cave_pods, gauntlet_entry_generic,
          grunt_megastairs_4, lemuel_fruit_fields
Shoals:1: layout_shoals, nicolae_shoals_drake_roost
Shoals:2: layout_shoals, st_sunken_temple, uniq_aizul
Shoals:3: layout_shoals, uniq_ilsuiw
Shoals:4: shoals_end_simple, layout_shoals, uniq_roxanne, uniq_kirke
Spider:1: layout_spider_delve, uniq_asterion
Spider:2: layout_spider_delve, einodemon_crawler_minivault
Spider:3: layout_spider_delve, spiders_nest_the_unseen
Spider:4: spider_rune_water, uniq_agnes
Orc:1:    layout_caves, basic_altar, ebering_ghost_inner_flame
Orc:2:    st_orc_congregation, layout_diamond_mine, uniq_azrael, uniq_nessos,
          uniq_urug
Vaults:1: nicolae_vaults_specimen_jars, v_pattern_2,
          nicolae_vaults_little_squares_6, v_misc_10, v_alt_pattern_5,
          v_alt_pattern_1, nicolae_vaults_quadrants, ontoclasm_vaults_chip,
          v_misc_24, nicolae_vaults_little_ls, v_misc_25, v_misc_13,
          nicolae_vaults_little_squares_4, v_misc_12, layout_vaults_ring
Vaults:2: nicolae_vaults_angled_halls, v_pattern_3,
          nicolae_vaults_network_periphery, grunt_tower_of_power,
          vaults_room_pools, nicolae_vaults_alarming, grunt_vaults_twisty,
          v_misc_15, vaults_mumra_lcd, grunt_vaults_diagonal,
          layout_vaults_chaotic_city, serial_shops, shop
Vaults:3: vaults_room_ringed_pool, hangedman_vaults_stagger, v_misc_24,
          nicolae_vaults_sealed_display, blue_anna_dwarven_crypt,
          vaults_mumra_hexcomb, nicolae_vaults_little_squares_1,
          vaults_dpeg_hooks, layout_vaults_omnigrid,
          portal_desolation_entry_garden
Desolation

Skill      XL: |  1  2  3  4  5  6  7  8  9 10 11 12 13 14 15 16 17 18 19 20 21 |
---------------+----------------------------------------------------------------+-----
Short Blades   | 3 4 5 6 8 10 11 12 | 12.0
Stealth        | 7 8 9 10 12 13 | 13.2
Dodging        | 3 4 5 6 8 10 11 12 14 15 16 17 18 19 20 21 | 21.4
Fighting       | 4 6 8 9 10 12 13 14 15 16 17 18 19 20 | 20.0
Evocations     | 1 3 5 6 |  6.9
Invocations    | 3 4 6 8 9 10 12 13 14 15 17 18 19 | 19.5
Shields        | 2 4 5 |  5.6
Armour         | 1 4 6 |  6.0

Action                   |  1- 3 |  4- 6 |  7- 9 | 10-12 | 13-15 | 16-18 | 19-21 || total
-------------------------+-------+-------+-------+-------+-------+-------+-------++-------
Melee: Short sword       |    18 |    16 |   145 |   593 |  1251 |  1937 |  1811 ||  5771
       Rapier            |       |   116 |    64 |       |       |       |       ||   180
       Whip              |       |     4 |       |       |       |       |       ||     4
       Long sword        |       |       |       |       |       |   112 |    34 ||   146
Invok: Grand Finale      |       |       |       |       |     1 |       |       ||     1
       Stomp             |       |       |       |       |       |       |    14 ||    14
 Abil: Evoke Invisibilit |       |       |       |       |       |    10 |     2 ||    12
Evoke: Wand              |       |       |     3 |     9 |    21 |    21 |    13 ||    67
       Phantom mirror    |       |       |       |       |       |     4 |     1 ||     5
       Box of beasts     |       |       |       |       |       |     1 |     1 ||     2
       Lightning rod     |       |       |       |       |       |       |     4 ||     4
       Tin of tremorston |       |       |       |       |       |       |     6 ||     6
       Condenser vane    |       |       |       |       |       |       |     3 ||     3
  Use: Scroll            |       |     3 |     1 |    17 |    13 |     8 |    11 ||    53
       Potion            |       |       |       |       |       |     6 |     2 ||     8
 Stab: Sleeping          |     5 |    34 |    30 |    38 |    58 |    51 |    38 ||   254
       Distracted        |       |     2 |       |     5 |     9 |    14 |    11 ||    41
       Paralysed         |       |       |     4 |    23 |    69 |    87 |   104 ||   287
       Invisible         |       |       |       |       |       |    40 |     2 ||    42
       Held in net/web   |       |       |       |       |       |     1 |       ||     1
Armor: Leather armour    |       |    37 |    26 |    15 |       |       |       ||    78
       Troll leather arm |       |       |       |    22 |    62 |       |       ||    84
       Scale mail        |       |       |       |       |     4 |   385 |   251 ||   640
Dodge: Dodged            |    11 |   113 |   131 |   334 |   727 |  1971 |  1466 ||  4753
Block: Buckler           |       |       |       |    77 |   313 |   808 |   556 ||  1754
       Rpst.: Long sword |       |       |       |       |       |    28 |     8 ||    36

Table legend: (Time is in decaauts)
 A = Elapsed time spent in this place.
 B = Non-inter-level travel time spent in this place.
 C = Inter-level travel time spent in this place.
 D = Time resting spent in this place.
 E = Time spent auto-exploring this place.
 F = Levels seen in this place.
 G = Mean time per level.
                   A        B        C        D        E       F      G
               +--------+--------+--------+--------+--------+-----+--------+
         Total |  35838 |  33698 |   2140 |   2288 |  22350 |  34 | 1054.1 |
       Dungeon |  12490 |  11210 |   1280 |    362 |   8424 |  13 |  960.8 |
          Lair |   5754 |   5330 |    424 |    190 |   4021 |   6 |  959.0 |
        Shoals |   6231 |   6079 |    152 |    816 |   3109 |   4 | 1557.8 |
   Spider Nest |   4202 |   4076 |    126 |    268 |   2651 |   4 | 1050.5 |
  Orcish Mines |   1978 |   1882 |     96 |    178 |   1168 |   2 |  989.0 |
        Vaults |   4086 |   4027 |     59 |    344 |   2508 |   3 | 1362.0 |
         Abyss |    258 |    258 |      0 |     10 |    119 |   1 |  258.0 |
    Desolation |    835 |    835 |      0 |    119 |    349 |   1 |  835.0 |
               +--------+--------+--------+--------+--------+-----+--------+

Top non-repeatable levels by time:
Vaults:1: 2035 daAuts
Vaults:2: 1897 daAuts
Shoals:4: 1837 daAuts
Shoals:3: 1609 daAuts
Spider:4: 1517 daAuts
Shoals:2: 1511 daAuts
  Lair:6: 1404 daAuts
   Orc:2: 1371 daAuts
Shoals:1: 1272 daAuts
     D:2: 1186 daAuts
     D:3: 1184 daAuts
  Lair:4: 1124 daAuts
Spider:3: 1105 daAuts
    D:13: 1085 daAuts
    D:10: 1029 daAuts
